 Seeded DCSS version 0.25-a0-1119-g28b6fd0 (webtiles) character file.

Game seed: 8390716998109386064, levelgen mode: deterministic

379 wearedevo the Vexing (level 7, 0/52 HPs)
             Began as a Human Arcane Marksman on May 18, 2020.
             Succumbed to a worker ant's poison
             ... on level 4 of the Dungeon.
             The game lasted 00:12:50 (4052 turns).

wearedevo the Vexing (Human Arcane Marksman)        Turns: 4052, Time: 00:12:50

Health: 0/52       AC:  7    Str: 10 (12) XL:     7   Next: 4%
Magic:  6/8        EV: 10    Int: 10 (13) God:
Gold:   78         SH:  4    Dex: 11 (14) Spells: 5/8 levels left

rFire    . . .     SeeInvis .   o - +0 whip
rCold    . . .     Gourm    .   g - +0 buckler
rNeg     . . .     Faith    .   p - +0 ring mail
rPois    .         Spirit   .   s - +0 helmet
rElec    .         Reflect  .   (no cloak)
rCorr    .         Harm     .   (no gloves)
MR       .....                  m - +0 pair of boots
Stlth    +.........             (no amulet)
HPRegen  0.17/turn              (no ring)
MPRegen  0.11/turn              (no ring)

@: mighty, lethally poisoned (0 -> -9), about to teleport
A: no striking features
a: no special abilities


You were on level 4 of the Dungeon.
You were hungry.

You visited 1 branch of the dungeon, and saw 5 of its levels.

You collected 78 gold pieces.

Inventory:

Hand Weapons
 a - a +1 hand crossbow
 h - a +0 short sword
 o - a +0 whip (weapon)
Missiles
 i - 110 stones (quivered)
Armour
 e - a +0 robe
 g - a +0 buckler (worn)
 m - a +0 pair of boots (worn)
 p - a +0 ring mail (worn)
 s - a +0 helmet (worn)
Scrolls
 c - a scroll of magic mapping
 k - a scroll of teleportation
 l - a scroll of identify
 n - 5 scrolls of enchant armour {unknown}
 q - a scroll of immolation {unknown}
 r - a scroll of fog {unknown}
Potions
 u - a potion of invisibility
Comestibles
 b - 3 chunks of flesh
 f - 3 rations


   Skills:
 + Level 3.0 Fighting
 - Level 0.3 Short Blades
 + Level 2.3 Maces & Flails
 + Level 3.8 Crossbows
 - Level 2.0 Dodging
 + Level 2.7 Shields
 - Level 1.0 Spellcasting
 - Level 4.0 Hexes


You had 5 spell levels left.
You knew the following spells:

 Your Spells              Type           Power        Failure   Level  Hunger
a - Corona                Hex            #......      21%         1    ##.....
b - Slow                  Hex            #.......     30%         2    ###....

Your spell library contained the following spells:

 Spells                   Type           Power        Failure   Level  Hunger
 Inner Flame              Hex/Fire       #.......     80%         3    ####...
 Portal Projectile        Hex/Tloc       #.....       80%         3    ####...
 Cause Fear               Hex            #.........   90%         4    #####..
 Leda's Liquefaction      Hex/Erth       #.........   99%         4    #####..


Dungeon Overview and Level Annotations

Branches:
Dungeon (5/15)
 Temple: D:4-7

Altars:
Cheibriados
Dithmenos
Qazlal


Message History

* * * LOW HITPOINT WARNING * * *
You whack the worker ant!
The worker ant is almost dead.
* * * LOW HITPOINT WARNING * * *
You feel sick.
The worker ant stops glowing.
The worker ant bites you.
* * * LOW HITPOINT WARNING * * *
Your ring mail prevents you from hitting the worker ant.
The worker ant is almost dead.
* * * LOW HITPOINT WARNING * * *
You feel sick. You block the worker ant's attack.
Your magical contamination has completely faded away.
You whack the worker ant!
You kill the worker ant!
You have reached level 7!
* * * LOW HITPOINT WARNING * * *
You feel sick.
Okay, then.
As you read the scroll of teleportation, it crumbles to dust.
You feel strangely unstable.
You die...

........# ##.
#.......###..
#...........
#.........
####........
...........
..........#
.........@#
........(.#
........<.#
..........#
#####(...##
#....##
#.###.#######.
## #........#
##########


There were no monsters in sight!

Vanquished Creatures
  A bullfrog (D:3)
  A howler monkey (D:5)
  An orc priest (D:3)
  A hound (D:5)
  A worker ant (D:4)
  A worker ant zombie (D:5)
  Robin (D:2)
  9 adders
  2 worms (D:2)
  2 dart slugs
  3 leopard geckos
  3 orcs (D:3)
  8 giant cockroaches
  16 goblins
  7 hobgoblins
  7 kobolds
  4 ball pythons
  3 bats
  4 frilled lizards
  4 rats
79 creatures vanquished.

Notes
Turn   | Place    | Note
-------+----------+-------------------------------------------
     0 | D:1      | wearedevo the Human Arcane Marksman began the quest for the
                  | Orb.
     0 | D:1      | Reached XP level 1. HP: 15/15 MP: 2/2
   165 | D:1      | Reached XP level 2. HP: 13/21 MP: 3/3
   281 | D:1      | Learned a level 2 spell: Slow
   987 | D:1      | Found a snail-covered altar of Cheibriados.
  1026 | D:2      | Reached XP level 3. HP: 26/26 MP: 4/4
  1050 | D:2      | Reached skill level 1 in Shields
  1157 | D:2      | Reached XP level 4. HP: 32/32 MP: 5/5
  1743 | D:2      | Noticed Robin
  1750 | D:2      | Killed Robin
  1752 | D:2      | Reached XP level 5. HP: 30/38 MP: 6/6
  2328 | D:3      | Noticed a bullfrog
  2345 | D:3      | Killed a bullfrog
  2345 | D:3      | Reached skill level 1 in Maces & Flails
  2650 | D:3      | Reached XP level 6. HP: 27/45 MP: 7/7
  2650 | D:3      | Found a shadowy altar of Dithmenos.
  2721 | D:3      | Reached skill level 4 in Hexes
  3332 | D:3      | Found a stormy altar of Qazlal.
  3879 | D:5      | Entered Level 5 of the Dungeon
  4049 | D:4      | HP: 2/47 [worker ant (4)]
  4051 | D:4      | Reached XP level 7. HP: 2/52 MP: 6/8
  4052 | D:4      | Succumbed to a worker ant's poison

Illustrated notes

Levels and vault maps discovered:
D:1:      dpeg_arrival_water_altar, layout_rooms, minmay_misc_feat_five
D:2:      layout_loops_ring, first_ration, nrook_mini_vaults, uniq_robin
D:3:      layout_loops_ring, nicolae_dithmenos_shadow_blocks,
          grunt_qazlal_sundering
D:4:      layout_layer_cave, minmay_misc_feat_pillars
D:5:      layout_basic, minmay_temple_entry_statues, minmay_manual_moon,
          uniq_menkaure

Skill      XL: |  1  2  3  4  5  6 |
---------------+-------------------+-----
Shields        | 1 2 |  2.7
Crossbows      | 3 |  3.8
Fighting       | 2 3 |  3.0
Maces & Flails | 1 2 |  2.3
Hexes          | 4 |  4.0
Short Blades   | |  0.3
Dodging        | |  2.0
Spellcasting   | |  1.0

Action                   |  1- 3 |  4- 6 |  7- 9 || total
-------------------------+-------+-------+-------++-------
Melee: Short sword       |    32 |     3 |       ||    35
       Whip              |       |    59 |       ||    59
 Fire: Hand crossbow     |    41 |   146 |       ||   187
Throw: Stone             |       |    16 |       ||    16
 Cast: Corona            |       |     4 |       ||     4
       Slow              |       |     1 |       ||     1
  Use: Scroll            |       |     4 |     1 ||     5
       Potion            |       |     4 |       ||     4
  Eat: Chunk             |     1 |     5 |       ||     6
       Ration            |       |     1 |       ||     1
Armor: Robe              |    10 |     2 |       ||    12
       Ring mail         |       |    37 |       ||    37
Dodge: Dodged            |    28 |    86 |       ||   114
Block: Buckler           |     7 |    35 |       ||    42

Table legend:
 A = Non-vault XP
 B = Vault XP
 C = Vault XP percentage of total XP
 D = Non-vault monster count
 E = Vault monster count
 F = Vault count percentage of total count
                 A         B        C        D         E       F
            +---------+---------+-------+---------+---------+-------
      Total |     420 |     122 |  22.5 |      65 |      14 |  17.7
            +---------+---------+-------+---------+---------+-------
        D:1 |      23 |       0 |   0.0 |      12 |       0 |   0.0
        D:2 |      93 |      33 |  26.2 |      24 |      12 |  33.3
        D:3 |     246 |       0 |   0.0 |      27 |       0 |   0.0
        D:4 |       0 |      34 | 100.0 |       0 |       1 | 100.0
        D:5 |      58 |      55 |  48.7 |       2 |       1 |  33.3
            +---------+---------+-------+---------+---------+-------
